 Dungeon Crawl Stone Soup version 0.31-a0-851-g7ff8af7976 (webtiles) character file.

Game seed: 2415769156413699664

612039 pokeman the Archmage (level 26, -3/144 HPs)
             Began as a Deep Elf Hedge Wizard on Oct 7, 2023.
             Was the Champion of Vehumet.
             Succumbed to a putrid mouth's dark miasma
             ... on level 3 of the Realm of Zot on Oct 8, 2023.
             The game lasted 04:08:10 (70432 turns).

pokeman the Archmage (Deep Elf Hedge Wizard)       Turns: 70432, Time: 04:08:11

Health: -3/144     AC: 19    Str:  7    XL:     26   Next: 27%
Magic:  41/56      EV:  7    Int: 32    God:    Vehumet [******]
Gold:   9145       SH: 14    Dex: 11    Spells: 12/79 levels left

rFire   + + +        U - staff "Duemp" {rF+ rN+ Stlth+ Fire}
rCold   + + +        s - +6 buckler of the Carpenter {SInv}
rNeg    + + .        a - +0 ice dragon scales
rPois   .            c - +2 helmet
rElec   +            n - scarf {rC+ rF+}
rCorr   +            N - +1 pair of gloves "Aruicov" {rElec}
SInv    +            b - +2 pair of boots "Trusted Companion" {rF+++ Regen+ rCorr Dex-3}
Will    ++...        m - amulet of magic regeneration
Stlth   ++           G - ring of fire
HPRegen 1.24/turn    v - ring "Elopoguff" {Fly rC+ rN+ Stlth+}
MPRegen 0.75/turn

%: random rage (3%)
@: lethally poisoned (-3 -> -34), flying, slowed, studying 2 skills, very slow
A: berserk 1, cold resistance 1, deformed body, frail 1, sense surroundings 1
}: 4/15 runes: barnacled, slimy, silver, gossamer
a: Renounce Religion


You were on level 3 of the Realm of Zot.
You worshipped Vehumet.
Vehumet was exalted by your worship.
You visited 11 branches of the dungeon, and saw 52 of its levels.
You also visited: Trove, Sewer, Ice Cave, Volcano and Wizlab.

You collected 13150 gold pieces.
You spent 4005 gold pieces at shops.

Inventory:

Missiles
 i - 8 throwing nets
 B - 5 curare-tipped darts
Armour
 a - +0 ice dragon scales (worn)
 b - the +2 pair of boots "Trusted Companion" (worn) {rF+++ Regen+ rCorr Dex-3}
   (You found it in a treasure trove)

   Dex-3:     It affects your dexterity (-3).
   rF+++:     It renders you almost immune to fire.
   Regen+:    It increases your rate of health regeneration.
   rCorr:     It protects you from acid and corrosion.
 c - a +2 helmet (worn)
 n - a scarf of resistance (worn)
 s - the +6 buckler of the Carpenter (worn) {SInv}
   (You acquired it on level 1 of the Vaults)

   SInv:      It lets you see invisible.
 N - the +1 pair of gloves "Aruicov" (worn) {rElec}
   (You took it off Nikola on level 3 of the Vaults)

   rElec:     It insulates you from electricity.
Magical Staves
 U - the staff "Duemp" (weapon) {rF+ rN+ Stlth+ Fire}
   (You took it off a deep elf demonologist on level 3 of the Elven Halls)

   [staff of fire]

   Base accuracy: +5 Base damage: 5 Base attack delay: 1.2 This weapon's minimum
   attack delay (0.6) is reached at skill level 12.
   rF+:       It protects you from fire.
   rN+:       It protects you from negative energy.
   Stlth+:    It makes you more stealthy.
   Fire:      It increases the power of your Fire spells.
   It falls into the 'Staves' category.
   It is a one-handed weapon.
Jewellery
 m - an amulet of magic regeneration (around neck)
 v - the ring "Elopoguff" (right hand) {Fly rC+ rN+ Stlth+}
   (You found it in an ice cave)

   [ring of protection from cold]

   rC+:       It protects you from cold.
   rN+:       It protects you from negative energy.
   Fly:       It grants you flight.
   Stlth+:    It makes you more stealthy.
 A - a ring of wizardry
 G - a ring of fire (left hand)
 L - an amulet of reflection
Wands
 l - a wand of roots (53)
 q - a wand of paralysis (7)
 x - a wand of mindburst (12)
 I - a wand of light (27)
 Q - a wand of digging (8)
Scrolls
 e - 2 scrolls of amnesia
 f - a scroll of fear
 g - 18 scrolls of teleportation
 p - 9 scrolls of blinking
 r - a scroll of poison
 t - 2 scrolls of vulnerability
 u - a scroll of brand weapon
 z - 6 scrolls of revelation
Potions
 d - 5 potions of magic
 h - 5 potions of haste
 j - 16 potions of heal wounds
 k - a potion of attraction
 w - 17 potions of curing
 C - a potion of invisibility
 D - a potion of enlightenment
Miscellaneous
 o - a sack of spiders
 y - a phial of floods
 J - a condenser vane
 O - a phantom mirror
 R - a lightning rod (4/4)


   Skills:
 + Level 14.6 Fighting
 - Level 12.3 Armour
 - Level 3.0 Dodging
 - Level 3.1 Stealth
 + Level 16.5 Shields
 O Level 27 Spellcasting
 O Level 27 Conjurations
 - Level 2.0 Hexes
 - Level 1.1 Summonings
 - Level 1.1 Translocations
 - Level 1.2 Transmutations
 + Level 25.7 Fire Magic
 - Level 1.0 Ice Magic
 - Level 1.0 Air Magic
 - Level 4.0 Earth Magic
 - Level 1.1 Poison Magic
 - Level 1.0 Evocations


You had 12 spell levels left.
You knew the following spells:

 Your Spells              Type           Power      Damage    Failure   Level
a - Magic Dart            Conj           100%       1d8       0%          1
b - Mephitic Cloud        Conj/Pois/Air  81%        N/A       1%          3
c - Call Imp              Summ           100%       N/A       6%          2
d - Blink                 Tloc           100%       N/A       6%          2
e - Fireball              Conj/Fire      84%        3d31      0%          5
f - Starburst             Conj/Fire      84%        6d21      0%          6
g - Bombard               Conj/Erth      48%        9d8       1%          6
h - Irradiate             Conj/Tmut      46%        3d27      1%          5
i - Orb of Destruction    Conj           60%        9d15      1%          7
j - Iskenderun's Battles  Conj           100%       2d15      0%          5
k - Ignition              Fire           84%        3d22      1%          8
l - Freezing Cloud        Conj/Ice/Air   40%        6-21      1%          5
m - Swiftness             Air            49%        N/A       12%         3
n - Fire Storm            Conj/Fire      84%        8d21      3%          9

Your spell library contained the following spells:

 Spells                   Type           Power      Damage    Failure   Level
 Lehudib's Crystal Spear  Conj/Erth      48%        10d12     17%         8
 Shatter                  Erth           31%        3d25*     100%        9
 Foxfire                  Conj/Fire      100%       2x1d9     0%          1
 Flame Wave               Conj/Fire      100%       2d21      0%          4
 Sticky Flame             Conj/Fire      100%       2d11      0%          4
 Freeze                   Ice            100%       1d10      1%          1
 Sandblast                Erth           100%       2d20      1%          1
 Momentum Strike          Conj/Tloc      100%       3d10      1%          2
 Poisonous Vapours        Pois/Air       100%       N/A       1%          2
 Dazzling Flash           Conj/Hex       100%       N/A       1%          3
 Hailstorm                Conj/Ice       93%        3d18      1%          3
 Ignite Poison            Fire/Tmut/Pois 100%       N/A       1%          3
 Inner Flame              Hex/Fire       100%       N/A       1%          3
 Stone Arrow              Conj/Erth      100%       3d13      1%          3
 Volatile Blastmotes      Fire/Tloc      100%       2d18      1%          3
 Brom's Barrelling Bould  Conj/Erth      97%        2d11      1%          4
 Fulminant Prism          Conj/Hex       47%        3d21      1%          4
 Iskenderun's Mystic Bla  Conj/Tloc      93%        2d18      1%          4
 Arcjolt                  Conj/Air       46%        1d56      1%          5
 Conjure Ball Lightning   Conj/Air       46%        3x3d16    1%          6
 Plasma Beam              Fire/Air       69%        2x1d85    1%          6
 Slow                     Hex            100%       N/A       2%          1
 Sting                    Tmut/Pois      100%       1d8       3%          1
 Passwall                 Tmut/Erth      46%        N/A       3%          2
 Frozen Ramparts          Ice            98%        1d15      3%          3
 Apportation              Tloc           100%       N/A       4%          1
 Summon Small Mammal      Summ           100%       N/A       4%          1
 Ensorcelled Hibernation  Hex/Ice        100%       N/A       4%          2
 Jinxbite                 Hex            100%       N/A       4%          2
 Wereblood                Tmut           51%        N/A       5%          2
 Necrotise                Necr           100%       1d9       6%          1
 Lesser Beckoning         Tloc           100%       N/A       6%          2
 Cigotuvi's Dreadful Rot  Necr/Pois/Air  94%        N/A       7%          2
 Sigil of Binding         Hex            54%        N/A       9%          3
 Tukima's Dance           Hex            54%        N/A       9%          3
 Sublimation of Blood     Necr           43%        N/A       10%         2
 Olgreb's Toxic Radiance  Pois           50%        N/A       11%         4
 Call Canine Familiar     Summ           50%        N/A       12%         3
 Gell's Gravitas          Tloc           50%        N/A       12%         3
 Ozocubu's Armour         Ice            49%        N/A       12%         3
 Teleport Other           Tloc           50%        N/A       12%         3
 Vampiric Draining        Necr           43%        2d9       19%         3
 Leda's Liquefaction      Hex/Erth       29%        N/A       19%         4
 Petrify                  Tmut/Erth      56%        N/A       22%         4
 Cause Fear               Hex            27%        N/A       26%         4
 Dimensional Bullseye     Hex/Tloc       26%        N/A       32%         4
 Manifold Assault         Tloc           50%        N/A       36%         4
 Vhi's Electric Charge    Tloc/Air       98%        N/A       38%         4
 Animate Dead             Necr           43%        N/A       52%         4
 Dispel Undead            Necr           43%        3d17      52%         4
 Borgnjor's Vile Clutch   Necr/Erth      27%        N/A       58%         5
 Metabolic Englaciation   Hex/Ice        26%        N/A       67%         5
 Alistair's Intoxication  Tmut/Pois      33%        N/A       71%         5
 Summon Forest            Summ/Tloc      25%        N/A       73%         5
 Eringya's Noxious Bog    Tmut/Pois      25%        4d6       78%         6
 Agony                    Necr           43%        N/A       86%         5
 Death Channel            Necr           21%        N/A       100%        6
 Simulacrum               Ice/Necr       23%        N/A       100%        6
 Haunt                    Necr/Summ      23%        N/A       100%        7
 Malign Gateway           Summ/Tloc      25%        N/A       100%        7
 Summon Hydra             Summ           25%        N/A       100%        7
 Borgnjor's Revivificati  Necr           21%        N/A       100%        8
 Discord                  Hex            27%        N/A       100%        8
 Disjunction              Tloc           25%        N/A       100%        8
 Infestation              Necr           21%        N/A       100%        8
 Maxwell's Capacitive Co  Air            24%        ∞         100%        8
 Death's Door             Necr           21%        N/A       100%        9
 Dragon's Call            Summ           25%        N/A       100%        9


Dungeon Overview and Level Annotations

Branches:
Dungeon (15/15)            Temple (1/1) D:7            Lair (5/5) D:10
 Shoals (4/4) Lair:2       Spider (4/4) Lair:2        Slime (5/5) Lair:4
    Orc (2/2) D:11            Elf (3/3) Orc:2        Vaults (5/5) D:14
  Crypt (0/3) Vaults:2     Depths (4/4) D:15            Zot (4/5) Depths:4
  Sewer (visited)           IceCv (visited)         Volcano (visited)
 WizLab (visited)

Altars:
Ashenzari
Cheibriados
Dithmenos
Elyvilon
Fedhas
Gozag
Hepliaklqana
Kikubaaqudgha
Makhleb
Nemelex Xobeh
Okawaru
Qazlal
Ru
Sif Muna
Trog
Uskayaw
Vehumet
Wu Jian
Xom
Yredelemnul
Zin
The Shining One
Jiyva
Lugonu

Shops:
D:4 :   D:5 ?   D:7 [   D:12 :   D:15 [   Orc:2 (([[:   Elf:2 *   Elf:3 :=:
Vaults:1 !   Vaults:3 (!:   Depths:1 :

Portals:
Hell: Depths:1 Depths:2 Depths:3 Depths:4
Abyss: Shoals:3 Depths:1 Depths:3
Pandemonium: Depths:2 Depths:4
Ziggurat: Depths:3

Annotations:
Zot:3 1 runed translucent door, Ytolar's ghost, legendary DsFi


Innate Abilities, Weirdness & Mutations

You sometimes lose your temper in combat.
Your flesh is cold resistant. (rC+)
Armour fits poorly on your strangely shaped body.
You are frail. (-10% HP)
You passively map a small area around you.


Message History

The tormentor hits you but does no damage.
The putrid mouth throws miasma at you.
The foul vapour engulfs the tormentor.
The tormentor completely resists.
Things that are here:
a +0 long sword; a yellow draconian skeleton You feel very sick.
Okay, then.
Unknown command.
The infernal howling subsides.
You feel very sick.
You feel very sick.
You feel very sick. The putrid mouth throws miasma at you.
The foul vapour engulfs you!!
You are more poisoned.
You feel yourself slow down.
* * * LOW HITPOINT WARNING * * *
You feel much better.
You are engulfed in dark miasma.
You are lethally poisoned!
* * * LOW HITPOINT WARNING * * *
x2 You feel extremely sick.
You feel better.
You are engulfed in dark miasma.
You are poisoned.
* * * LOW HITPOINT WARNING * * *
x2 You feel extremely sick.
The tormentor calls on the powers of darkness!
Your body is wracked with pain!
* * * LOW HITPOINT WARNING * * *
The putrid mouth howls a warning cry!
Okay, then.
Blink to where?
Press: ? - help, Dir - move target
As you read the scroll of blinking, it crumbles to dust.
* * * LOW HITPOINT WARNING * * *
You feel very sick. The putrid mouth throws miasma at you.
You feel much better.
You are engulfed in dark miasma.
You are lethally poisoned!
* * * LOW HITPOINT WARNING * * *
You die...

##..##......##...##......##...##.
#..##.....#.#..W##........##...#.
.........#..#..°#....>.....#...##
.#..[.......#..○#.....>....#..)#.
............#..○#....>.....#...#.
......#.....#.°☼##........##...#.
.......#.#..##.°°##......##).[##.
..........#..#°°°°###..###....#.#
...........#.##.@°[.####.....####
#.............##............####)
##.##.........)###........#####..
##.#.....).#....###....###..#...
##.......).###...##'.##........
##..##.^.#..#...))..#......##.
##..##..##.......#.).....###.
##..#..<.....).[..).....[#..
##).........[......#.....#.


You could see a putrid mouth (catching breath).

Vanquished Creatures
  the Royal Jelly (Slime:5)
  Dissolution (Slime:4)
  2 dread liches
  2 orbs of fire (Zot:2)
  Mara (Spider:4)
  Nikola (Vaults:3)
  11 golden dragons
  Norris (Vaults:3)
  A bone dragon (Depths:1)
  2 doom hounds (Zot:4)
  19 tentacled monstrosities
  Jorgrun (D:14)
  Zenata (Elf:2)
  A walking crystal tome (Depths:3)
  2 liches
  3 titans
  3 deep elf blademasters
  10 sphinxes
  2 deep elf master archers (Elf:3)
  5 quicksilver dragons
  A walking divine tome (Depths:3)
  Grunn (Zot:4)
  A walking frostbound tome (Depths:2)
  34 acid blobs
  The ghost of DocEon the Archmage, an adept DECj of Vehumet (Vaults:2)
  Asterion (Vaults:2)
  2 death cobs
  2 krakens
  Frances (D:14)
  6 shadow dragons
  13 storm dragons
  Donald (Spider:4)
  Kirke (Elf:1)
  Agnes (Elf:2)
  5 tengu reavers
  3 draconian monks
  3 draconian knights
  8 rockslimes
  3 nagarajas (WizLab)
  5 draconian scorchers
  7 azure jellies
  6 deep elf sorcerers
  7 fire giants
  A balrug (Depths:1)
  11 vault wardens
  5 ghost moths
  6 emperor scorpions (Spider:4)
  An iron dragon (Vaults:5)
  5 draconian shifters
  2 orc warlords
  13 frost giants
  7 draconian annihilators
  3 deep elf elementalists (Elf:3)
  Louise (Spider:2)
  5 spriggan defenders
  5 war gargoyles
  6 draconian stormcallers
  4 demonspawn corrupters (WizLab)
  13 ironbound preservers
  The ghost of Fih Fonae the Fetichist, a journeyman KoDe of Trog (Spider:2)
  A broodmother (shapeshifter) (Depths:4)
  11 formless jellyfish
  12 quicksilver oozes
  10 ironbound thunderhulks
  A reaper (Zot:4)
  19 stone giants
  21 very ugly things
  Nessos (D:14)
  12 green draconians
  6 vampire knights
  3 broodmothers
  4 purple draconians
  6 red draconians
  6 deep elf demonologists
  18 yellow draconians
  19 dire elephants
  6 black draconians
  8 spark wasps
  11 deep elf annihilators
  11 white draconians
  2 crystal guardians (Vaults:3)
  5 merfolk javelineers
  15 ettins
  5 deep elf death magi (Elf:3)
  A blizzard demon (Depths:1)
  2 merfolk impalers
  Josephine (Shoals:1)
  16 yaktaur captains
  6 entropy weavers
  A hydra (shapeshifter) (Vaults:4)
  7 deep elf high priests
  11 hydras
  7 fire dragons
  9 great orbs of eyes
  36 vault guards
  A caustic shrike simulacrum (Depths:1)
  5 catoblepae
  5 peacekeepers
  4 radroaches
  7 ice dragons
  2 jorogumos (Spider:2)
  5 spriggan air magi
  4 merfolk avatars
  9 satyrs
  9 centaur warriors
  9 ironbound frosthearts
  A hell beast (Depths:1)
  13 boulder beetles
  7 ogre magi
  A death knight (D:15)
  10 death yaks (Lair:5)
  25 two-headed ogres
  3 alligator snapping turtles
  8 deep troll shamans
  21 dancing weapons
  4 merfolk aquamancers
  11 deep troll earth magi
  11 tengu warriors
  12 demonic crawlers
  7 spriggan berserkers
  An orc high priest (Orc:1)
  Sonja (D:11)
  8 spriggans
  Nergalle (D:10)
  8 hell knights
  A shock serpent (shapeshifter) (Vaults:5)
  11 deep elf knights
  5 skeletal warriors (Vaults:2)
  Amaemon (D:9)
  2 titan skeletons (Vaults:2)
  A wretched star (Shoals:3)
  A fire crab (Lair:5)
  6 pharaoh ants
  A salamander mystic (Depths:1)
  11 skysharks
  11 iron trolls
  A death drake (shapeshifter) (Vaults:5)
  71 deep trolls
  A spriggan druid (WizLab)
  6 steelbarb worms
  9 orb spiders
  8 glowing orange brains
  15 sea snakes
  3 flayed ghosts
  An orange crystal statue (IceCv)
  6 deep elf archers
  3 lindwurms
  4 orc knights
  16 ironbound convokers
  A lindwurm (shapeshifter) (Vaults:5)
  36 harpies
  23 deep elf zephyrmancers
  8 necromancers
  15 wizards
  5 phantasmal warriors (Vaults:5)
  25 deep elf pyromancers
  4 frost giant zombies (Depths:1)
  18 fauns
  A tengu skeleton (Vaults:2)
  13 manticores
  15 wolf spiders
  4 oklob plants (Zot:3)
  42 ugly things
  6 shining eyes
  4 orc sorcerers
  8 worldbinders
  3 salamanders (Depths:1)
  20 moths of wrath
  6 cyclopes
  13 merfolk sirens
  4 stone giant skeletons
  28 vault sentinels
  Joseph (D:9)
  2 black mambas (Lair:5)
  130 slime creatures
  6 water nymphs
  2 apocalypse crabs (Shoals:3)
  2 molten gargoyles (Volcano)
  2 ice statues (D:14)
  2 eyes of devastation
  A gargoyle (D:11)
  4 human skeletons (Vaults:2)
  2 torpor snails
  34 yaktaurs
  An orange demon (D:9)
  Maggie (D:9)
  8 cane toads
  5 rime drakes
  4 freezing wraiths
  5 storm dragon simulacra (IceCv)
  Jeremiah (D:6)
  Psyche (D:10)
  A tormentor (Zot:4)
  3 kobold demonologists
  9 komodo dragons
  7 tengu conjurers
  4 golden dragon simulacra (IceCv)
  8 trolls
  3 meliai (D:14)
  25 merfolk
  8 wind drakes
  A queen bee (D:10)
  4 polar bears
  9 hornets
  18 tarantellas
  A tarantella (shapeshifter) (WizLab)
  5 blink frogs (Lair:1)
  An alligator simulacrum (D:14)
  2 dream sheep (Shoals:2)
  A snapping turtle (shapeshifter) (Depths:3)
  A frost giant simulacrum (Depths:1)
  30 jumping spiders
  3 snapping turtles
  2 shadows
  14 culicivoras
  2 air elementals
  14 water elementals
  The ghost of dualclasshuman the Conjurer, an amateur DECj of Lugonu (D:4)
  Sigmund (D:5)
  9 wyverns
  2 basilisks
  6 hogs (Elf:1)
  7 wraiths
  2 fire bats (Volcano)
  48 yaks
  10 golden eyes
  2 chaos spawn (Shoals:3)
  64 redbacks
  A minotaur simulacrum (D:14)
  2 wargs
  Menkaure (D:5)
  8 vampire mosquitoes
  19 water moccasins
  2 hell hounds (Lair:1)
  Duvessa (D:7)
  2 glowing shapeshifter skeletons (Vaults:2)
  An ogre skeleton (Vaults:2)
  2 acid dragons
  An ice beast (D:6)
  13 orc warriors
  An ettin simulacrum (D:14)
  7 ice dragon simulacra (IceCv)
  A black bear (Lair:4)
  33 ogres
  18 wolves
  3 centaurs
  15 kobold brigands
  2 gnoll sergeants
  13 bullfrogs
  A scorpion (shapeshifter) (Depths:2)
  2 earth elementals
  4 scorpions
  Dowan (D:7)
  An entropy weaver simulacrum (D:14)
  12 wights
  11 killer bees (D:10)
  6 lindwurm simulacra
  2 electric eels
  4 lava snakes (Volcano)
  5 crimson imps
  A centaur zombie (D:4)
  13 jellies
  12 orc priests
  A gnoll bouda (D:7)
  A hound (D:6)
  8 iguanas
  31 orc wizards
  3 river rats (Sewer)
  10 adders
  14 gnolls
  5 shadow imps
  3 white imps
  4 ufetubi (D:6)
  7 worms
  2 dart slugs
  45 orcs
  6 endoplasms
  3 giant cockroaches
  6 hobgoblins
  6 jackals
  A quokka (D:2)
  12 ball pythons
  5 bats
  2 frilled lizards (D:3)
  6 goblins
  31 kobolds
  11 rats
  4 tentacles
2282 creatures vanquished.

Vanquished Creatures (collateral kills)
  2 shadow dragons (Zot:3)
  An azure jelly (Slime:5)
  A frost giant (Vaults:5)
  A very ugly thing (Depths:4)
  A formless jellyfish (Slime:5)
  A black draconian (Zot:1)
  3 yellow draconians
  A two-headed ogre (Vaults:5)
  A wolf spider (shapeshifter) (Vaults:5)
  A vault sentinel (Vaults:5)
  2 golden eyes (Slime:1)
  A killer bee (D:10)
  8 jellies (Zot:3)
24 creatures vanquished.

Vanquished Creatures (others)
  A deep elf pyromancer (Elf:1)
  3 slime creatures (Vaults:3)
  235 fire vortices
  12 tentacles
251 creatures vanquished.

Grand Total: 2557 creatures vanquished

Notes
Turn   | Place    | Note
-------+----------+-------------------------------------------
     0 | D:1      | pokeman the Deep Elf Hedge Wizard began the quest for the
                  | Orb.
     0 | D:1      | Reached XP level 1. HP: 10/10 MP: 7/7
   107 | D:1      | Found a faded altar of an unknown god.
   274 | D:1      | Reached XP level 2. HP: 10/16 MP: 7/9
   861 | D:1      | Reached skill level 5 in Spellcasting
  1195 | D:2      | Found a blossoming altar of Fedhas.
  1197 | D:2      | Reached XP level 3. HP: 20/20 MP: 9/11
  1201 | D:2      | Learned a level 3 spell: Mephitic Cloud
  1204 | D:2      | Learned a level 2 spell: Call Imp
  1207 | D:2      | Learned a level 2 spell: Blink
  1498 | D:2      | Reached skill level 1 in Fighting
  1529 | D:2      | Reached skill level 1 in Armour
  2051 | D:3      | Found a shadowy altar of Dithmenos.
  2337 | D:3      | Found a shimmering altar of Xom.
  2350 | D:3      | Reached XP level 4. HP: 25/25 MP: 1/13
  2585 | D:3      | Reached XP level 5. HP: 29/29 MP: 7/15
  2904 | D:3      | Reached skill level 1 in Poison Magic
  2904 | D:3      | Reached skill level 1 in Evocations
  3037 | D:3      | Reached skill level 1 in Air Magic
  3066 | D:3      | Learned a level 5 spell: Irradiate
  3199 | D:3      | Reached XP level 6. HP: 34/34 MP: 11/17
  3866 | D:4      | Found Vithroomu's Book Boutique.
  3943 | D:4      | Reached skill level 1 in Transmutations
  4201 | D:4      | Learned a level 6 spell: Starburst
  4265 | D:4      | Found a glowing silver altar of Zin.
  4384 | D:4      | Reached XP level 7. HP: 39/39 MP: 17/20
  4425 | D:4      | Found a hide-covered altar of Uskayaw.
  4488 | D:4      | Found a glowing golden altar of the Shining One.
  4673 | D:4      | Found a runed translucent gate.
  4673 | D:4      | Found a runed translucent gate.
  4673 | D:4      | Found a runed translucent gate.
  4673 | D:4      | Noticed dualclasshuman's ghost (amateur DECj)
  4675 | D:4      | Found a basalt altar of Yredelemnul.
  4917 | D:5      | Entered Level 5 of the Dungeon
  4990 | D:5      | Found an iron altar of Okawaru.
  4991 | D:5      | Noticed Sigmund
  4998 | D:5      | Reached skill level 1 in Fire Magic
  5014 | D:5      | Killed Sigmund
  5275 | D:5      | Noticed Menkaure
  5282 | D:5      | Killed Menkaure
  5283 | D:5      | Reached XP level 8. HP: 32/44 MP: 15/22
  5612 | D:5      | Found Omavedithrau's Magic Scroll Boutique.
  5628 | D:5      | Bought a scroll of blinking for 90 gold pieces
  5628 | D:5      | Bought a scroll of teleportation for 36 gold pieces
  5628 | D:5      | Bought a scroll of identify for 24 gold pieces
  5628 | D:5      | Bought a scroll of revelation for 90 gold pieces
  5628 | D:5      | Bought a scroll of identify for 24 gold pieces
  6069 | D:5      | Bought a scroll of identify for 24 gold pieces
  6095 | D:6      | Noticed Jeremiah
  6103 | D:6      | Killed Jeremiah
  6104 | D:6      | Reached skill level 10 in Spellcasting
  6104 | D:6      | Reached skill level 5 in Conjurations
  6309 | D:6      | Reached skill level 1 in Hexes
  6382 | D:6      | Found a glowing drain.
  6388 | Sewer    | Entered a sewer
  6700 | Sewer    | Reached XP level 9. HP: 47/49 MP: 17/25
  7829 | D:6      | Reached skill level 5 in Fire Magic
  8009 | D:6      | Found an iron altar of Okawaru.
  8338 | D:6      | Found an ornate altar of the Wu Jian Council.
  8338 | D:6      | Found a sparkling altar of Nemelex Xobeh.
  8414 | D:7      | Identified the +3 orcbow "Bipyulou" {flame, Dex+2 Stlth+}
  8620 | D:7      | Noticed Dowan
  8624 | D:7      | Noticed Duvessa
  8646 | D:7      | Killed Duvessa
  8646 | D:7      | Killed Dowan
  8713 | D:7      | Found Neircho's Armour Shoppe.
  8763 | D:7      | Found a staircase to the Ecumenical Temple.
  8769 | Temple   | Entered the Ecumenical Temple
  8907 | D:7      | Found a blossoming altar of Fedhas.
  9027 | D:7      | Identified the +2 chain mail of Duck's Teeth {rF+ Stlth+}
  9069 | D:7      | Found a hazy altar of Hepliaklqana.
  9324 | D:4      | Killed dualclasshuman's ghost
  9333 | D:4      | Identified a scroll of acquirement
  9349 | D:4      | Acquired 773 gold pieces
  9515 | D:8      | Reached XP level 10. HP: 56/56 MP: 1/28
  9819 | D:8      | Found a burning altar of Makhleb.
 10402 | D:9      | Noticed Maggie
 10524 | D:9      | Killed Maggie
 10744 | D:9      | Found a radiant altar of Vehumet.
 10746 | D:9      | Noticed Joseph
 10769 | D:9      | Killed Joseph
 10804 | D:9      | Became a worshipper of Vehumet
 11093 | D:9      | Noticed Amaemon
 11115 | D:9      | Noticed an orange demon
 11124 | D:9      | Killed an orange demon
 11150 | D:9      | Killed Amaemon
 11520 | D:9      | Reached skill level 5 in Fighting
 11574 | D:9      | Identified the +7 ring mail of the Postmodern Coins {rCorr}
 11817 | D:9      | Reached * piety under Vehumet
 11817 | D:9      | Offered knowledge of Shock by Vehumet.
 11945 | D:10     | Entered Level 10 of the Dungeon
 12067 | D:10     | Noticed Psyche
 12104 | D:10     | Gained mutation: You sometimes lose your temper in combat.
                  | [mutagenic glow]
 12108 | D:10     | Reached XP level 11. HP: 61/63 MP: 15/31
 12126 | D:10     | Reached skill level 1 in Shields
 12248 | D:10     | Killed Psyche
 12425 | D:10     | Found a staircase to the Lair.
 12729 | D:10     | Found a shimmering blue altar of Sif Muna.
 12820 | D:10     | Reached skill level 15 in Spellcasting
 12936 | D:10     | Noticed Nergalle
 12945 | D:10     | Killed Nergalle
 13353 | D:11     | Offered knowledge of Foxfire by Vehumet.
 13356 | D:11     | Reached ** piety under Vehumet
 13647 | D:11     | Noticed a centaur warrior
 13687 | D:11     | Found a staircase to the Orcish Mines.
 13692 | D:11     | Killed a centaur warrior
 13721 | D:11     | Identified the +7 hand axe of Utus {drain, rElec Int+3}
 13961 | D:11     | Noticed Sonja
 13970 | D:11     | Killed Sonja
 14505 | D:4      | Bought a manual of Armour for 800 gold pieces
 14965 | D:12     | Noticed a red ugly thing
 14976 | D:12     | Killed a white ugly thing
 14977 | D:12     | Reached XP level 12. HP: 35/68 MP: 11/34
 15548 | D:12     | Found Caogumul's Tremendous Tomes.
 15586 | D:12     | Found a broken altar of Ashenzari.
 15923 | D:13     | Noticed a tengu warrior
 15931 | D:13     | Killed a tengu warrior
 16072 | D:13     | Offered knowledge of Poisonous Vapours by Vehumet.
 16166 | D:13     | Noticed a six-headed hydra
 16172 | D:13     | Killed a six-headed hydra
 16173 | D:13     | Reached skill level 10 in Conjurations
 16273 | D:13     | Found a corrupted altar of Lugonu.
 16279 | D:13     | Noticed a two-headed ogre
 16285 | D:13     | Killed a two-headed ogre
 16286 | D:13     | Reached skill level 5 in Armour
 16427 | D:13     | Noticed a centaur warrior
 16432 | D:13     | Killed a centaur warrior
 16728 | D:13     | Reached *** piety under Vehumet
 17059 | D:14     | Noticed a boulder beetle
 17092 | D:14     | Killed a boulder beetle
 17190 | D:14     | Noticed Frances
 17345 | Lair:1   | Entered Level 1 of the Lair of Beasts
 17396 | Lair:1   | Found a dark tunnel.
 17449 | Volcano  | Entered a volcano
 17604 | Volcano  | Offered knowledge of Stone Arrow by Vehumet.
 17862 | Volcano  | Found a burning altar of Makhleb.
 17862 | Volcano  | Noticed a two-headed ogre
 17862 | Volcano  | Noticed an ogre mage
 17862 | Volcano  | Noticed a two-headed ogre
 17862 | Volcano  | Noticed a two-headed ogre
 17866 | Volcano  | Killed a two-headed ogre
 17866 | Volcano  | Killed a two-headed ogre
 17867 | Volcano  | Reached skill level 10 in Fire Magic
 17867 | Volcano  | Killed an ogre mage
 17868 | Volcano  | Killed a two-headed ogre
 18010 | Volcano  | Reached XP level 13. HP: 62/72 MP: 34/37
 18909 | Lair:1   | Reached **** piety under Vehumet
 19081 | Lair:2   | Offered knowledge of Hailstorm by Vehumet.
 19437 | Lair:2   | Found a hole to the Spider Nest.
 19974 | Lair:2   | Found a staircase to the Shoals.
 20315 | Lair:3   | Reached ***** piety under Vehumet
 20315 | Lair:3   | Offered knowledge of Bombard by Vehumet.
 20323 | Lair:3   | Learned a level 6 spell: Bombard
 20550 | Lair:3   | Learned a level 5 spell: Fireball
 20565 | Lair:3   | Reached skill level 1 in Earth Magic
 21429 | Lair:3   | Lost mutation: You sometimes lose your temper in combat.
                  | [potion of mutation]
 21429 | Lair:3   | Gained mutation: Your system is resistant to poisons.
                  | (rPois) [potion of mutation]
 21429 | Lair:3   | Gained mutation: You are vulnerable to cold. (rC-) [potion
                  | of mutation]
 21429 | Lair:3   | Gained mutation: Your muscles are strong. (Str +4, Int/Dex
                  | -1) [potion of mutation]
 21916 | Lair:4   | You fall into a shaft and drop 1 floor!
 21916 | Lair:5   | Entered Level 5 of the Lair of Beasts
 22198 | Lair:5   | Reached XP level 14. HP: 76/78 MP: 24/39
 23759 | Lair:4   | Found a staircase to the Slime Pits.
 24973 | Temple   | Lost mutation: Your muscles are strong. (Str +4, Int/Dex
                  | -1) [potion of mutation]
 24973 | Temple   | Lost mutation: You are vulnerable to cold. (rC-) [potion of
                  | mutation]
 24973 | Temple   | Gained mutation: You are partially covered in iridescent
                  | scales. (AC +2) [potion of mutation]
 24973 | Temple   | Gained mutation: You are mostly covered in iridescent
                  | scales. (AC +4) [potion of mutation]
 25105 | Orc:1    | Entered Level 1 of the Orcish Mines
 25248 | Orc:1    | Reached skill level 10 in Armour
 25255 | Orc:1    | Noticed an orc warlord
 25385 | Orc:1    | Killed an orc warlord
 26018 | Orc:2    | Entered Level 2 of the Orcish Mines
 26075 | Orc:2    | Offered knowledge of Eringya's Noxious Bog by Vehumet.
 26103 | Orc:2    | Reached XP level 15. HP: 82/82 MP: 3/42
 26469 | Orc:2    | Found Afroi's Antique Armour Boutique.
 26469 | Orc:2    | Found Uqumyal's Antique Weapon Shoppe.
 26599 | Orc:2    | Found Woimuam's Antique Armour Emporium.
 26599 | Orc:2    | Found Tofiemow's Antique Weapon Boutique.
 26609 | Orc:2    | Bought a pair of fine boots for 304 gold pieces
 26609 | Orc:2    | Identified the +2 pair of boots of the Volcano {Dex+3} (You
                  | bought it in a shop on level 2 of the Orcish Mines)
 26658 | Orc:2    | Found Tutanap's Vocational Training.
 26737 | Orc:2    | Found a staircase to the Elven Halls.
 26925 | D:14     | Noticed Nessos
 26927 | D:14     | Killed Nessos
 27027 | D:14     | Found a gate to the Vaults.
 27163 | D:14     | Noticed Jorgrun
 27186 | D:14     | Killed Jorgrun
 27415 | D:14     | Killed Frances
 27983 | D:15     | Entered Level 15 of the Dungeon
 28006 | D:15     | Offered knowledge of Orb of Destruction by Vehumet.
 28015 | D:15     | Found a frozen archway.
 28040 | D:15     | Learned a level 7 spell: Orb of Destruction
 28069 | IceCv    | Entered an ice cave
 28256 | IceCv    | Noticed a white draconian knight
 28262 | IceCv    | Killed a white draconian knight
 28301 | IceCv    | Identified the ring "Elopoguff" {Fly rC+ rN+ Stlth+}
 28313 | IceCv    | Identified the ring of Agnosticism {Str+5 Dex+6}
 28371 | IceCv    | Found the ring of the Tortoise {AC+8}
 28660 | D:5      | Bought 3 scrolls of acquirement for 1872 gold pieces
 28715 | Temple   | Acquired 1091 gold pieces
 28716 | Temple   | Acquired 780 gold pieces
 28717 | Temple   | Acquired 739 gold pieces
 29041 | D:15     | Reached XP level 16. HP: 87/87 MP: 21/45
 29189 | D:15     | Found a staircase to the Depths.
 29352 | D:15     | Found Riczewn's Armour Shoppe.
 30028 | Shoals:1 | Entered Level 1 of the Shoals
 30028 | Shoals:1 | Noticed Josephine
 30031 | Shoals:1 | Killed Josephine
 30657 | Shoals:1 | Reached skill level 5 in Shields
 30963 | Shoals:1 | Noticed a kraken
 30968 | Shoals:1 | Killed a kraken
 31488 | Shoals:2 | Reached skill level 15 in Conjurations
 32280 | Shoals:3 | Reached ****** piety under Vehumet
 32334 | Shoals:3 | Found a runed translucent door.
 32879 | Shoals:3 | Noticed a kraken
 32894 | Shoals:3 | Killed a kraken
 33142 | Shoals:3 | Found a corrupted altar of Lugonu.
 33142 | Shoals:3 | Found a one-way gate to the infinite horrors of the Abyss.
 33167 | Shoals:4 | Entered Level 4 of the Shoals
 33170 | Shoals:4 | Reached XP level 17. HP: 92/92 MP: 39/47
 33367 | Spider:1 | Entered Level 1 of the Spider Nest
 33426 | Spider:1 | Reached skill level 15 in Fire Magic
 33450 | Spider:1 | Offered knowledge of Iskenderun's Battlesphere by Vehumet.
 33457 | Spider:1 | Learned a level 5 spell: Iskenderun's Battlesphere
 33768 | Spider:1 | Learned a level 8 spell: Ignition
 34191 | Spider:2 | Noticed Louise
 34194 | Spider:2 | Killed Louise
 34812 | Spider:2 | Found a transporter.
 34812 | Spider:2 | Noticed Fih Fonae's ghost (journeyman KoDe)
 34844 | Spider:2 | Offered knowledge of Freezing Cloud by Vehumet.
 34851 | Spider:2 | Learned a level 5 spell: Freezing Cloud
 34867 | Spider:2 | Found a transporter.
 35295 | Spider:3 | Reached skill level 1 in Ice Magic
 35843 | Spider:4 | Entered Level 4 of the Spider Nest
 35941 | Spider:4 | Noticed Mara
 36159 | Spider:4 | Offered knowledge of Yara's Violent Unravelling by Vehumet.
 36178 | Spider:4 | Killed Mara
 36237 | Spider:4 | Noticed Donald
 36250 | Spider:4 | Killed Donald
 36460 | Spider:4 | Identified the amulet of the Hecatoncheires {Faith rF+
                  | Str+5}
 36510 | Spider:4 | Reached XP level 18. HP: 100/100 MP: 29/50
 37269 | Spider:4 | Got a gossamer rune of Zot
 37612 | Temple   | Learned a level 3 spell: Swiftness
 37925 | Shoals:4 | HP: 5/101 [cyclops/large rock (35)]
 38194 | Shoals:4 | Offered knowledge of Spellforged Servitor by Vehumet.
 38197 | Shoals:4 | Reached skill level 27 in Spellcasting
 38465 | Shoals:4 | Identified the +6 war axe of Fate {freeze, rElec rPois rF-}
 38686 | Shoals:4 | Got a barnacled rune of Zot
 39430 | Shoals:4 | Got a decrepit book
 39840 | Elf:1    | Entered Level 1 of the Elven Halls
 40398 | Elf:1    | Got a yellowed book
 40612 | Elf:1    | Noticed Kirke
 40898 | Elf:1    | Killed Kirke
 41622 | Elf:2    | Found Bujoed's Elven Fire.
 41711 | Elf:2    | Identified the +5 hand axe of Death's Door {heavy, Int+2
                  | Dex+4}
 42194 | Elf:2    | Found a runed translucent gate.
 42195 | Elf:2    | Found a runed translucent gate.
 42195 | Elf:2    | Found a runed translucent gate.
 42313 | Elf:2    | Noticed Zenata
 42326 | Elf:2    | Killed Zenata
 42659 | Elf:2    | Reached XP level 19. HP: 107/107 MP: 31/52
 42672 | Elf:2    | Offered knowledge of Lehudib's Crystal Spear by Vehumet.
 42672 | Elf:2    | Offered knowledge of Fire Storm by Vehumet.
 42672 | Elf:2    | Offered knowledge of Shatter by Vehumet.
 43052 | Elf:2    | Noticed Agnes
 43054 | Elf:2    | Killed Agnes
 43251 | Elf:3    | Entered Level 3 of the Elven Halls
 44350 | Elf:3    | Identified the staff "Duemp" {rF+ rN+ Stlth+ Fire}
 45129 | Elf:3    | Found Anasudd's Book Emporium.
 45129 | Elf:3    | Found Hoca's Jewellery Boutique.
 45131 | Elf:3    | Found Bihos's Book Emporium.
 45283 | Elf:3    | Got a glossy book
 45319 | Elf:3    | Got an ancient book
 45611 | Temple   | Learned a level 9 spell: Fire Storm
 45787 | Vaults:1 | Entered Level 1 of the Vaults
 45821 | Vaults:1 | Found Upta's Distillery.
 45896 | Vaults:1 | Found a magical portal.
 45905 | WizLab   | Entered Alistair's Party Mansion
 46408 | WizLab   | Reached XP level 20. HP: 112/112 MP: 41/53
 46622 | Vaults:1 | Acquired the +6 buckler of the Carpenter {SInv}
 47168 | Vaults:1 | Bought a potion of heal wounds for 90 gold pieces
 47168 | Vaults:1 | Bought a potion of curing for 54 gold pieces
 47168 | Vaults:1 | Bought a potion of curing for 54 gold pieces
 47168 | Vaults:1 | Bought 2 potions of curing for 108 gold pieces
 48529 | Vaults:2 | Noticed Asterion
 48532 | Vaults:2 | Killed Asterion
 48719 | Vaults:2 | Found a portal to a secret trove of treasure.
 49269 | Vaults:2 | Identified the +1 sling of Estyoruk {flame, rC- Int+5 Dex+2
                  | Stlth+}
 49296 | Vaults:2 | Identified the +6 chain mail of Qehoungast {Int+3}
 49324 | Vaults:2 | Found a runed translucent door.
 49324 | Vaults:2 | Noticed DocEon's ghost (adept DECj)
 49327 | Vaults:2 | Noticed a dread lich
 49715 | Vaults:2 | Killed DocEon's ghost
 49721 | Vaults:2 | Killed a dread lich
 49884 | Vaults:2 | Found a staircase to the Crypt.
 50167 | Vaults:3 | Reached XP level 21. HP: 120/120 MP: 40/54
 50818 | Vaults:3 | Noticed Norris
 50824 | Vaults:3 | Killed Norris
 51013 | Vaults:3 | Found Tiemuf's Distillery.
 51013 | Vaults:3 | Found Giczy's Antique Weapon Boutique.
 51017 | Vaults:3 | Bought a potion of haste for 150 gold pieces
 51017 | Vaults:3 | Bought a potion of heal wounds for 75 gold pieces
 51017 | Vaults:3 | Bought a potion of curing for 45 gold pieces
 51017 | Vaults:3 | Bought a potion of mutation for 120 gold pieces
 51017 | Vaults:3 | Bought a potion of curing for 45 gold pieces
 51128 | Vaults:3 | Identified the +1 pair of gloves "Aruicov" {rElec}
 51128 | Vaults:3 | Noticed Nikola
 51133 | Vaults:3 | Killed Nikola
 51152 | Vaults:3 | Reached skill level 10 in Fighting
 51265 | Vaults:3 | Found Joul's Book Boutique.
 51431 | Vaults:4 | Identified the ring of Mojate {Ice *Slow rN+ rCorr Str+2}
 52853 | Vaults:5 | Entered Level 5 of the Vaults
 52855 | Vaults:5 | Reached skill level 10 in Shields
 52856 | Vaults:5 | Reached XP level 22. HP: 125/127 MP: 55/55
 53124 | Depths:1 | Entered Level 1 of the Depths
 53557 | Depths:1 | Found Xopp's Book Emporium.
 53734 | Depths:1 | Found a gateway to Hell.
 54517 | Depths:1 | You are sucked into a shaft and drop 1 floor!
 55022 | Depths:2 | Identified the +3 leather armour of Uchilud {Fly rPois
                  | rN+++ Str-2}
 55654 | Depths:1 | Found a bloodstained altar of Trog.
 56131 | Depths:2 | Identified the +1 cloak of the Sky {rN+ Stlth+}
 56780 | Depths:2 | Found a one-way gate leading to the halls of Pandemonium.
 57756 | Depths:3 | Reached XP level 23. HP: 112/132 MP: 26/56
 58080 | Depths:3 | Found a one-way gateway to a ziggurat.
 58859 | Depths:4 | Entered Level 4 of the Depths
 59547 | Depths:4 | Found a gate to the Realm of Zot.
 60683 | Spider:2 | Killed Fih Fonae's ghost
 61211 | Vaults:2 | You paid a toll of +4 ice dragon scales to enter a treasure
                  | trove
 61212 | Trove    | Entered a treasure trove
 61217 | Trove    | Found the +3 pair of mountain boots {steadfast, rC+}
 61217 | Trove    | Found the +6 arbalest "Damnation" {damnation}
 61233 | Trove    | Identified the +2 pair of boots "Trusted Companion" {rF+++
                  | Regen+ rCorr Dex-3}
 61239 | Trove    | Identified the ring of Scepticism {Contam rElec rCorr
                  | Int+3}
 61241 | Trove    | Identified the ring of Eternal Harmony {Fly Str+3 Dex+3
                  | SInv}
 61245 | Trove    | Identified the +5 halberd "Boybruq" {spect, rN++ Dex-5}
 61725 | Slime:1  | Entered Level 1 of the Pits of Slime
 61863 | Slime:1  | Found a viscous altar of Jiyva.
 62268 | Slime:1  | Reached skill level 27 in Conjurations
 62482 | Slime:2  | Reached XP level 24. HP: 137/137 MP: 53/56
 63412 | Slime:4  | Noticed Dissolution
 63414 | Slime:4  | Killed Dissolution
 63527 | Slime:5  | Entered Level 5 of the Pits of Slime
 63767 | Slime:5  | Noticed the Royal Jelly
 63774 | Slime:5  | Killed the Royal Jelly
 63907 | Slime:4  | Gained mutation: You occasionally lose the ability to read
                  | scrolls when taking damage. [a shining eye]
 63910 | Slime:4  | Gained mutation: You sometimes lose your temper in combat.
                  | [a shining eye]
 64284 | Slime:5  | Identified the +4 falchion "Piantoes" {protect, rElec rPois
                  | rF- rCorr}
 64314 | Slime:5  | Identified the +8 orcbow of Rotation {freeze, rPois Int+2
                  | Dex+4}
 64412 | Slime:5  | Got a slimy rune of Zot
 64413 | Slime:5  | Identified the +7 chain mail "Aqeaf" {rN+ Int+4}
 65603 | Vaults:5 | Noticed a dread lich
 65608 | Vaults:5 | Killed a dread lich
 65613 | Vaults:5 | Reached XP level 25. HP: 104/147 MP: 53/56
 65682 | Vaults:5 | Identified the +0 scimitar of Midwinter {drain, rElec rC+
                  | Int+3 Dex+3} (You took it off a vault sentinel on level 5
                  | of the Vaults)
 65683 | Vaults:5 | Identified the ring "Cekuic" {rPois AC+4 Dex-2 Slay+6} (You
                  | took it off a vault guard on level 5 of the Vaults)
 65976 | Vaults:5 | Identified the staff "Wynwishig" {rN+ Int+2 Necro}
 65983 | Vaults:5 | Identified the +2 chain mail "Semaor" {rCorr Str+3}
 66317 | Vaults:5 | Identified the +0 robe of Nuffy {Int+5}
 66485 | Vaults:5 | Got a silver rune of Zot
 67177 | Temple   | Lost mutation: You sometimes lose your temper in combat.
                  | [potion of mutation]
 67177 | Temple   | Lost mutation: Your system is resistant to poisons. (rPois)
                  | [potion of mutation]
 67177 | Temple   | Lost mutation: You are mostly covered in iridescent scales.
                  | (AC +4) [potion of mutation]
 67177 | Temple   | Gained mutation: You have an increased reservoir of magic.
                  | (+10% MP) [potion of mutation]
 67178 | Temple   | Lost mutation: You are partially covered in iridescent
                  | scales. (AC +2) [potion of mutation]
 67178 | Temple   | Lost mutation: You have an increased reservoir of magic.
                  | (+10% MP) [potion of mutation]
 67178 | Temple   | Gained mutation: You have an increased reservoir of magic.
                  | (+10% MP) [potion of mutation]
 67178 | Temple   | Gained mutation: You expend magic power (3 MP) to
                  | strengthen your wands. [potion of mutation]
 67178 | Temple   | Gained mutation: You have supernaturally acute eyesight.
                  | (SInv) [potion of mutation]
 67179 | Temple   | Lost mutation: You expend magic power (3 MP) to strengthen
                  | your wands. [potion of mutation]
 67179 | Temple   | Lost mutation: You have an increased reservoir of magic.
                  | (+10% MP) [potion of mutation]
 67179 | Temple   | Gained mutation: You have a pair of small horns on your
                  | head. [potion of mutation]
 67180 | Temple   | Lost mutation: You have supernaturally acute eyesight.
                  | (SInv) [potion of mutation]
 67180 | Temple   | Lost mutation: You have a pair of small horns on your head.
                  | [potion of mutation]
 67180 | Temple   | Lost mutation: You occasionally lose the ability to read
                  | scrolls when taking damage. [potion of mutation]
 67180 | Temple   | Gained mutation: You passively map a small area around you.
                  | [potion of mutation]
 67180 | Temple   | Gained mutation: Your flesh is cold resistant. (rC+)
                  | [potion of mutation]
 67473 | Zot:1    | Entered Level 1 of the Realm of Zot
 67550 | Zot:1    | Reached skill level 15 in Shields
 68838 | Zot:2    | Noticed an orb of fire
 68848 | Zot:2    | Noticed an orb of fire
 68849 | Zot:2    | Gained mutation: Armour fits poorly on your strangely
                  | shaped body. [an orb of fire]
 68850 | Zot:2    | Gained mutation: You are frail. (-10% HP) [an orb of fire]
 68850 | Zot:2    | Gained mutation: You sometimes lose your temper in combat.
                  | [an orb of fire]
 69269 | Zot:2    | Killed an orb of fire
 69273 | Zot:2    | Killed an orb of fire
 69701 | Zot:3    | Reached XP level 26. HP: 138/142 MP: 22/56
 70303 | Zot:3    | Found a runed translucent door.
 70303 | Zot:3    | Found a shimmering altar of Xom.
 70303 | Zot:3    | Noticed Ytolar's ghost (legendary DsFi)
 70413 | Zot:4    | Noticed Grunn
 70414 | Zot:4    | Killed Grunn
 70430 | Zot:3    | HP: 6/144 [???[a doom hound] (2)]
 70431 | Zot:3    | HP: 1/144 [poisoned by a putrid mouth (dark miasma)]
 70432 | Zot:3    | Succumbed to a putrid mouth's dark miasma

Illustrated notes

Levels and vault maps discovered:
D:1:      giann_forest_graveyard, layout_loops_cross,
          shapermc_ecumenical_altar_acropolis, hangedman_decor_clover_reticule,
          minmay_misc_feat_alley, amcnicky_mini_rare_corridor_liquid,
          moated_statue
D:2:      layout_rooms, basic_altar
D:3:      minmay_door_path, layout_loops_ring, mainiacjoe_overflow_boulevard,
          led_xom_imps
D:4:      layout_loops_ring, mainiacjoe_overflow_alcove_2,
          nicolae_yredelemnul_ghost_church,
          nicolae_uskayaw_murder_on_the_dancefloor, old_standard_altar,
          serial_shops, shop, minmay_manual_macuahuitl
D:5:      layout_loops_ring, serial_shops, nicolae_shop_window_shopping,
          chequers_serial_rivers_micro_d, minmay_ruined_shrine, uniq_sigmund,
          uniq_menkaure
D:6:      layout_loops_ring, mainiacjoe_overflow_paths,
          gammafunk_temple_overflow_wave, cheibrodos_sewer_entry_bend,
          serial_demonic, serial_demonic_e, serial_demonic_c, serial_demonic_a,
          serial_demonic_c, uniq_jeremiah
D:7:      layout_basic, nzn_hepliaklqana_mist_gate, fedhas_ov_isle_minmay,
          minmay_temple_entry_enclosed_plants, serial_shops,
          nicolae_diamond_shop, uniq_duvessa
D:8:      layout_cave_pools, makhleb_grotto_becter
D:9:      layout_roguey, mainiacjoe_overflow_chevrons, grunt_ministairs_11,
          nicolae_concentric_dashed_squares_wild,
          nicolae_twisty_statue_hallways, uniq_amaemon, uniq_joseph, uniq_maggie
D:10:     layout_gridville, lemuel_blue_sif_altar, dpeg_oklobed_lair,
          nicolae_looking_at_the_future, uniq_nergalle, uniq_psyche
D:11:     layout_cave_pools, orc_0_dummy, uniq_sonja
D:12:     layout_roguey, nicolae_shop_i_like_big_books,
          ashenzari_conservatory_becter
D:13:     layout_long_grid, tgw_lugonu_bribe
D:14:     dreamdust_isle_of_ice, layout_loops_ring, david_vaults_1,
          minmay_hedge_maze, uniq_nessos, uniq_jorgrun, uniq_frances
D:15:     hangedman_depths_entry_civil_slaughter, layout_gridville,
          minivault_25, portal_ice_cave_entry_ugly_swarm, serial_shops, shop
Temple:   nicolae_temple_superstar
Lair:1:   layout_hall_layers, enter_volcano_3
Lair:2:   layout_regular_city, shoals_dummy_entry,
          nicolae_spider_entry_tight_spaces, grunt_megastairs_1
Lair:3:   layout_layer_cave, grunt_megastairs_4
Lair:4:   layout_roguey, minmay_slime_entry_pillars, serial_bayou_shore_a
Lair:5:   evilmike_catoblepas_cave, layout_cave_pods,
          chequers_serial_rivers_room_a, columned_hall_lemuel
Shoals:1: layout_shoals, uniq_josephine
Shoals:2: layout_shoals, nicolae_shoals_hunting_party
Shoals:3: layout_shoals, nicolae_shoals_seven_spires,
          nicolae_shoals_abyss_on_the_beach
Shoals:4: shoals_end_grunt_garden, layout_shoals, nicolae_shoals_songs
Spider:1: layout_spider_delve, einodemon_crawler_minivault
Spider:2: layout_spider_delve, gammafunk_ghost_arena,
          nicolae_spider_rock_and_or_roll, uniq_louise
Spider:3: layout_spider_delve
Spider:4: grunt_spider_rune_circles, hangedman_spider_tarantella_strand,
          uniq_mara, uniq_donald
Slime:1:  layout_caves, basic_altar
Slime:2:  layout_caves
Slime:3:  layout_caves
Slime:4:  layout_caves, dissolution_awaits
Slime:5:  slime_pit
Orc:1:    layout_caves, elf_legates
Orc:2:    st_orc_ogre_mass, layout_caves, basic_altar, nicolae_shop_vocational
Elf:1:    minmay_elf_arrival_circle, layout_loops_corners,
          minmay_elf_demonology, nrook_mini_backslash, uniq_kirke
Elf:2:    nicolae_elf_blades_crystal_corner, layout_loops_corners,
          guppyfry_elf_lava, uniq_zenata, uniq_agnes
Elf:3:    grunt_elf_hall_branching, layout_loops_corners, minmay_shop_grove
Vaults:1: mu_enter_wizlab_5, hangedman_vaults_slither, nicolae_vaults_triangles,
          ontoclasm_vaults_pinch, ontoclasm_vaults_twist,
          nicolae_vaults_trapezoid_4, nicolae_vaults_tangram_1,
          vaults_dpeg_encased_lava, vaults_room_hallway,
          layout_vaults_chaotic_city, serial_shops, shop
Vaults:2: ebering_ghost_inner_flame, nicolae_vaults_little_squares_3, v_misc_9,
          v_alt_pattern_3, minmay_crypt_entry_skeletal_spiral, v_misc_18,
          grunt_vaults_funnel, vaults_room_door_hall,
          nicolae_vaults_more_shelving_1, vaults_dpeg_emergency_exit,
          layout_vaults_omnigrid, enter_trove_5, uniq_asterion
Vaults:3: nicolae_vaults_closet_pinwheel_2, nicolae_vaults_double_plus_1,
          nicolae_vaults_little_squares_5, v_rooms_5,
          hangedman_vaults_hard_town_square, v_misc_2, v_misc_8,
          nicolae_vaults_hexular_roomagon, v_misc_4,
          nicolae_vaults_tetromino_T_1, layout_vaults_maze_snakey, uniq_margery,
          uniq_norris, uniq_nikola
Vaults:4: vaults_room_boxed, hangedman_vaults_trim,
          nicolae_vaults_tetromino_Z_1, st_diamondy, hangedman_vaults_capsules,
          v_misc_24, grunt_vaults_trifunnel,
          nicolae_vaults_door_testing_chamber, nicolae_vaults_spaceships,
          grunt_vaults_focal, grunt_vaults_diagonal,
          nicolae_vaults_shelves_hall, layout_vaults_omnibox
Vaults:5
Depths:1: dreamdust_hydra_shepherd, layout_gridville, abyss_entry,
          old_standard_altar, grunt_mini_vestibule, kennysheep_small_circle,
          nicolae_triple_integral, infiniplex_staircase_pool_lava
Depths:2: cheibrodos_spurs, layout_cave_pools, pf_coc_iceberg,
          rand_demon_pan_entry_3, chequers_serial_rivers_large_a
Depths:3: minmay_the_grid_triangle_9x9_recursive_3
          [minmay_the_grid_triangle_9x9_descending_squares,
          minmay_the_grid_triangle_9x9_wacky_v,
          minmay_the_grid_triangle_9x9_semitri,
          minmay_the_grid_triangle_9x9_prize_schism,
          minmay_the_grid_triangle_9x9_swiss_cheese,
          minmay_the_grid_triangle_9x9_windchime,
          minmay_the_grid_triangle_9x9_dagger,
          minmay_the_grid_triangle_9x9_sparse_checkered,
          minmay_the_grid_triangle_9x9_negative_grid], layout_twisted_cross,
          enter_ziggurat_a, nicolae_abyss_entry_one_way_or_another,
          kennysheep_boxes, pf_hell_entry_great_geh, small_statue_intersection,
          hangedman_abyss_or_decor_jellyfish_corner
Depths:4: grunt_crosshair, layout_cave_shapes, hell_entry, pan_entry,
          minmay_liquid_box, grunt_megastairs_2
Zot:1:    layout_cathedral_of_symmetry
Zot:2:    kennysheep_blocky_room, layout_onion_interference
Zot:3:    lemuel_acid_trip, layout_onion_interference, ebering_ghost_xom
Zot:4:    nicolae_zot_draconian_monastery, layout_onion, uniq_parghit,
          uniq_josephina, uniq_grunn

Skill      XL: |  1  2  3  4  5  6  7  8  9 10 11 12 13 14 15 16 17 18 19 20 21 22 23 24 25 |
---------------+----------------------------------------------------------------------------+-----
Spellcasting   | 5 6 7 8 10 12 14 16 18 19 21 23 24 26 27 | 27.0
Fighting       | 1 2 3 5 6 8 9 10 12 14 | 14.6
Armour         | 1 2 3 6 8 10 12 | 12.3
Conjurations   | 2 3 4 5 6 8 9 10 11 13 14 15 16 17 20 21 23 25 27 | 27.0
Dodging        | 3 |  3.0
Stealth        | 3 |  3.1
Poison Magic   | 1 |  1.1
Evocations     | 1 |  1.0
Air Magic      | 1 |  1.0
Transmutations | 1 |  1.2
Fire Magic     | 2 4 5 7 8 10 11 12 13 14 15 17 18 19 20 21 22 23 25 | 25.7
Hexes          | 2 |  2.0
Shields        | 3 4 6 8 9 10 11 12 14 16 | 16.5
Earth Magic    | 3 4 |  4.0
Ice Magic      | 1 |  1.0
Summonings     | |  1.1
Translocations | |  1.1

Action                     |  1- 3 |  4- 6 |  7- 9 | 10-12 | 13-15 | 16-18 | 19-21 | 22-24 | 25-27 || total
---------------------------+-------+-------+-------+-------+-------+-------+-------+-------+-------++-------
  Melee: Dagger            |    34 |    86 |   163 |    55 |       |       |       |       |       ||   338
         Whip              |       |   124 |       |       |       |       |       |       |       ||   124
         Punch             |       |     2 |     2 |     5 |       |       |       |       |       ||     9
         Demon whip        |       |       |       |   127 |     5 |       |       |       |       ||   132
         Staff             |       |       |       |       |     3 |     3 |     1 |     1 |       ||     8
   Cast: Magic Dart        |   114 |   130 |   259 |   137 |     8 |     2 |    26 |     1 |       ||   677
         Mephitic Cloud    |       |     5 |    32 |    54 |     1 |     4 |       |       |       ||    96
         Call Imp          |       |     2 |     2 |     2 |       |       |       |     2 |       ||     8
         Blink             |       |     1 |     1 |     1 |     2 |     4 |     1 |     8 |     3 ||    21
         Irradiate         |       |       |    12 |    44 |     9 |       |       |       |       ||    65
         Starburst         |       |       |       |    61 |   110 |    29 |     7 |     6 |       ||   213
         Fireball          |       |       |       |       |   247 |   511 |   513 |   411 |    19 ||  1701
         Bombard           |       |       |       |       |     5 |    41 |    68 |    96 |     5 ||   215
         Orb of Destructio |       |       |       |       |       |    24 |     7 |     2 |       ||    33
         Freezing Cloud    |       |       |       |       |       |     1 |       |    21 |       ||    22
         Ignition          |       |       |       |       |       |    14 |    26 |    40 |     1 ||    81
         Swiftness         |       |       |       |       |       |     4 |     1 |     5 |       ||    10
         Iskenderun's Batt |       |       |       |       |       |       |     6 |       |       ||     6
         Fire Storm        |       |       |       |       |       |       |       |    77 |   171 ||   248
  Evoke: Wand              |       |       |       |     2 |       |     1 |     1 |     2 |       ||     6
         Sack of spiders   |       |       |       |       |       |       |       |     1 |       ||     1
    Use: Scroll            |       |       |    14 |     4 |    11 |     3 |     5 |     5 |     2 ||    44
         Potion            |       |       |       |       |     2 |     2 |       |       |     7 ||    11
   Stab: Confused          |       |     3 |    14 |    11 |       |       |       |       |       ||    28
         Sleeping          |       |     1 |       |       |       |       |       |       |       ||     1
         Paralysed         |       |       |       |     4 |       |       |       |       |       ||     4
 Armour: Robe              |    34 |   129 |   160 |   249 |    17 |       |       |       |       ||   589
         Swamp dragon scal |       |       |       |       |    69 |       |       |       |       ||    69
         Ice dragon scales |       |       |       |       |     9 |    76 |    37 |    66 |    49 ||   237
         Skin              |       |       |       |       |       |     3 |       |       |       ||     3
         Fire dragon scale |       |       |       |       |       |       |    62 |    59 |       ||   121
  Dodge: Dodged            |    47 |   137 |   152 |   206 |    44 |    14 |    18 |    21 |     5 ||   644
  Block: Buckler           |       |       |       |       |       |     3 |    20 |    52 |     6 ||    81
         Other             |       |       |       |       |       |     6 |     1 |       |       ||     7
         Reflection        |       |       |       |       |       |     3 |       |     9 |       ||    12

Table legend: (Time is in decaauts)
 A = Elapsed time spent in this place.
 B = Non-inter-level travel time spent in this place.
 C = Inter-level travel time spent in this place.
 D = Time resting spent in this place.
 E = Time spent auto-exploring this place.
 F = Levels seen in this place.
 G = Mean time per level.
                   A        B        C        D        E       F      G
               +--------+--------+--------+--------+--------+-----+--------+
         Total |  70779 |  62066 |   8713 |   7321 |  43621 |  57 | 1241.7 |
       Dungeon |  21606 |  17319 |   4287 |   1023 |  13266 |  15 | 1440.4 |
        Temple |    466 |    428 |     38 |      0 |      0 |   1 |  466.0 |
          Lair |   7397 |   6490 |    907 |    678 |   5068 |   5 | 1479.4 |
        Shoals |   5307 |   4758 |    549 |    820 |   3352 |   4 | 1326.8 |
   Spider Nest |   4221 |   3868 |    353 |    550 |   2487 |   4 | 1055.2 |
    Slime Pits |   2825 |   2669 |    156 |    308 |   1747 |   5 |  565.0 |
  Orcish Mines |   1894 |   1728 |    166 |    328 |   1181 |   2 |  947.0 |
   Elven Halls |   5354 |   5029 |    325 |   1088 |   3169 |   3 | 1784.7 |
        Vaults |   8830 |   7791 |   1039 |    972 |   5422 |   5 | 1766.0 |
        Depths |   6765 |   6068 |    697 |   1067 |   4031 |   4 | 1691.2 |
           Zot |   2891 |   2701 |    190 |    150 |   2099 |   4 |  722.8 |
         Trove |     46 |     46 |      0 |      0 |      0 |   1 |   46.0 |
         Sewer |   1209 |   1209 |      0 |     14 |    970 |   1 | 1209.0 |
      Ice Cave |    388 |    388 |      0 |     24 |    261 |   1 |  388.0 |
       Volcano |    858 |    858 |      0 |    185 |    434 |   1 |  858.0 |
        Wizlab |    715 |    715 |      0 |    114 |    132 |   1 |  715.0 |
               +--------+--------+--------+--------+--------+-----+--------+

Top non-repeatable levels by time:
Vaults:4: 2265 daAuts
Vaults:2: 2228 daAuts
   Elf:3: 2121 daAuts
  Lair:5: 2095 daAuts
    D:10: 1963 daAuts
     D:3: 1953 daAuts
     D:9: 1948 daAuts
Depths:2: 1875 daAuts
Depths:1: 1822 daAuts
   Elf:2: 1820 daAuts
Shoals:3: 1809 daAuts
Depths:3: 1780 daAuts
  Lair:2: 1693 daAuts
Vaults:1: 1579 daAuts
    D:14: 1535 daAuts
